Map: Data-C

Players

Maplez - Winner!

  • Race: Protoss Protoss
  • Spawn Location: 9:00

Creature

  • Race: Protoss Protoss
  • Spawn Location: 3:00

Event: DreamHack SC2 Masters 2022 Atlanta (Offline)

VOD

Have the link to the VOD?

Description

Time

  • Played on: Nov. 18, 2022, 2:28 p.m.
  • Length: 20:33

All games in this series

Show
View Real Time Build Order
Export as new Build Order

Maplez Protoss - Winner!

Build Orders: Dark Templar Rush 

Get SALT Encoding   

  12  0:00  Probe  
  13  0:12  Probe  
  14  0:19  Pylon  
  14  0:24  Probe  
  15  0:37  Probe (Chrono Boost)  
  15  0:39  Gateway  
  16  0:46  Probe (Chrono Boost)  
  17  0:50  Assimilator  
  17  0:52  Probe  
  18  0:59  Pylon  
  18  1:04  Probe  
  19  1:16  Probe  
  20  1:20  Gateway  
  20  1:29  Cybernetics Core  
  20  1:34  Zealot  
  20  1:39  Probe  
  23  1:45  Assimilator  
  23  1:51  Probe  
  24  2:05  Stalker (Chrono Boost)  
  27  2:09  Warp Gate (Chrono Boost)  
  28  2:17  Stalker (Chrono Boost)  
  28  2:25  Stalker (Chrono Boost)  
  30  2:31  Pylon  
  30  2:51  Probe  
  30  2:53  Twilight Council  
  29  3:04  Probe  
  30  3:05  Stalker  
  32  3:13  Nexus  
  32  3:18  Probe  
  33  3:30  Probe  
  33  3:31  Dark Shrine  
  34  3:42  Probe  
  34  3:47  Pylon  
  35  3:53  Adept x2  
  39  3:59  Shield Battery  
  39  4:05  Probe  
  36  4:18  Probe  
  36  4:23  Gateway  
  37  4:30  Adept  
  39  4:34  Probe  
  39  4:36  Probe  
  41  4:44  Dark Templar  
  41  4:45  Dark Templar  
  45  4:49  Probe  
  45  4:52  Probe  
  45  5:01  Probe  
  45  5:04  Probe  
  45  5:06  Blink (Chrono Boost)  
  47  5:13  Probe  
  46  5:16  Probe  
  46  5:17  Assimilator  
  46  5:20  Stalker  
  47  5:22  Stalker x2  
  47  5:25  Probe  
  52  5:29  Pylon  
  52  5:31  Probe  
  52  5:32  Gateway  
  53  5:37  Probe  
  54  5:44  Pylon  
  54  5:47  Probe  
  54  5:49  Probe  
  56  5:55  Stalker x2  
  60  5:57  Pylon  
  60  5:59  Probe  
  60  6:01  Robotics Facility  
  61  6:04  Probe  
  62  6:12  Gateway  
  63  6:20  Nexus  
  63  6:23  Shield Battery  
  62  6:26  Probe x2  
  62  6:30  Sentry x2  
  68  6:38  Shield Battery, Probe  
  68  6:39  Probe  
  70  6:46  Dark Templar  
  72  6:50  Immortal (Chrono Boost), Probe  
  72  6:52  Probe  
  78  6:56  Shield Battery  
  78  7:00  Shield Battery  
  76  7:09  Stalker  
  71  7:19  Probe  
  64  7:22  Stalker  
  64  7:23  Stalker x2  
  64  7:24  Probe  
  71  7:32  Probe  
  71  7:36  Probe  
  74  7:37  Immortal (Chrono Boost)  
  74  7:38  Pylon  
  74  7:39  Stalker  
  78  7:48  Gateway, Forge  
  78  7:51  Probe  
  78  7:58  Pylon  
  78  8:00  Sentry, Stalker  
  81  8:07  Observer (Chrono Boost)  
  81  8:10  Shield Battery  
  81  8:11  Shield Battery  
  81  8:12  Pylon  
  82  8:14  Sentry  
  82  8:15  Stalker  
  82  8:19  Protoss Ground Weapons Level 1 (Chrono Boost)  
  86  8:25  Gateway  
  86  8:27  Gateway  
  86  8:30  Probe x3  
  89  8:36  Observer  
  89  8:40  Assimilator  
  88  8:42  Probe x2  
  88  8:43  Probe  
  90  8:50  Stalker x3  
  96  8:55  Stalker  
  98  9:05  Stalker  
  98  9:06  Probe  
  100  9:14  Pylon  
  100  9:15  Pylon  
  100  9:18  Photon Cannon  
  100  9:20  Pylon  
  100  9:23  Photon Cannon  
  100  9:28  Observer (Chrono Boost)  
  101  9:32  Probe  
  101  9:36  Sentry x2, Stalker x2  
  109  9:44  Zealot x2  
  109  9:45  Zealot  
  115  9:54  Probe x2  
  115  9:55  Probe  
  115  9:56  Charge (Chrono Boost)  
  118  10:01  Stalker x3  
  118  10:06  Probe  
  125  10:18  Nexus, Assimilator  
  125  10:19  Assimilator  
  125  10:20  Pylon  
  125  10:21  Protoss Ground Weapons Level 2 (Chrono Boost)  
  125  10:25  Pylon  
  125  10:38  Dark Shrine, Probe x2  
  127  10:45  Stalker x4  
  127  10:49  Probe  
  136  10:51  Probe x2  
  136  10:54  Zealot  
  136  10:56  Shadow Stride (Chrono Boost)  
  140  10:58  Pylon  
  140  11:04  Pylon  
  140  11:07  Shield Battery  
  140  11:10  Pylon  
  140  11:13  Probe  
  133  11:20  Observer, Stalker x2  
  133  11:21  Stalker x3  
  137  11:33  Probe  
  137  11:39  Dark Templar x2  
  136  11:40  Observer  
  137  11:47  Photon Cannon  
  137  11:48  Robotics Facility, Robotics Bay  
  137  11:49  Photon Cannon  
  137  11:53  Archon  
  137  11:59  Dark Templar x2  
  137  12:00  Probe x2  
  137  12:01  Probe  
  144  12:02  Dark Templar  
  144  12:06  Assimilator  
  144  12:07  Probe, Assimilator  
  147  12:12  Probe  
  146  12:15  Zealot  
  146  12:16  Zealot  
  146  12:20  Pylon  
  146  12:21  Dark Templar x2  
  154  12:24  Probe  
  155  12:33  Disruptor (Chrono Boost)  
  161  12:40  Probe  
  162  12:45  Disruptor (Chrono Boost)  
  162  12:48  Zealot x3  
  162  12:50  Dark Templar  
  170  12:51  Stalker  
  172  12:59  Disruptor (Chrono Boost)  
  172  13:00  Photon Cannon  
  172  13:01  Photon Cannon  
  172  13:02  Shield Battery  
  172  13:03  Pylon  
  175  13:19  Probe  
  176  13:26  Observer  
  172  13:28  Probe  
  172  13:29  Disruptor (Chrono Boost)  
  172  13:30  Disruptor (Chrono Boost)  
  175  13:36  Stalker x7  
  175  13:38  Observer  
  185  13:43  Protoss Ground Weapons Level 3 (Chrono Boost)  
  185  13:45  Nexus  
  181  13:49  Probe  
  181  13:55  Gravitic Boosters  
  182  14:01  Disruptor (Chrono Boost)  
  185  14:04  Shield Battery, Photon Cannon  
  185  14:07  Dark Templar  
  185  14:08  Dark Templar  
  188  14:15  Probe  
  189  14:22  Probe  
  189  14:26  Probe x2  
  189  14:30  Probe  
  179  14:34  Probe  
  179  14:36  Zealot x4  
  179  14:38  Probe  
  176  14:39  Pylon  
  176  14:44  Probe  
  175  14:46  Probe  
  168  14:55  Probe x2  
  148  15:02  Archon  
  130  15:09  Probe  
  130  15:10  Stalker x7  
  130  15:13  Disruptor (Chrono Boost)  
  137  15:16  Probe  
  137  15:19  Probe  
  140  15:22  Observer (Chrono Boost)  
  138  15:32  Gateway  
  123  15:43  Stalker x2  
  123  15:44  Stalker x5  
  123  15:48  Disruptor (Chrono Boost)  
  123  15:49  Pylon  
  137  16:00  Observer  
  137  16:04  Assimilator  
  137  16:07  Assimilator, Stalker x7, Photon Cannon  
  137  16:08  Nexus  
  137  16:09  Pylon  
  137  16:10  Observer  
  151  16:12  Gateway  
  151  16:16  Disruptor  
  151  16:17  Disruptor  
  155  16:27  Probe  
  155  16:28  Probe x2  
  158  16:34  Dark Templar x4  
  158  16:35  Dark Templar x4  
  158  16:38  Pylon  
  174  16:41  Pylon  
  169  16:50  Probe  
  169  16:51  Probe  
  171  17:01  Gateway  
  171  17:02  Gateway  
  171  17:03  Probe, Gateway  
  164  17:10  Probe x2  
  164  17:11  Probe  
  164  17:13  Stalker x5  
  164  17:14  Stalker x4  
  183  17:20  Probe  
  183  17:21  Disruptor x2, Probe  
  183  17:31  Probe  
  183  17:32  Probe  
  183  17:35  Probe  
  180  17:41  Probe  
  151  17:45  Probe  
  151  17:48  Stalker  
  151  17:49  Stalker x7  
  151  17:50  Stalker  
  168  17:53  Probe  
  168  17:54  Probe x2  
  155  18:00  Protoss Shields Level 1 (Chrono Boost)  
  143  18:05  Disruptor (Chrono Boost)  
  143  18:06  Disruptor (Chrono Boost)  
  143  18:11  Zealot x4  
  143  18:12  Zealot x3  
  163  18:21  Stalker x2  
  167  18:28  Assimilator  
  167  18:31  Dark Templar x3, Assimilator  
  167  18:33  Zealot  
  167  18:34  Zealot  
  171  18:43  Stalker x5  
  161  18:49  Probe x2  
  161  18:54  Stalker x3  
  161  18:55  Stalker  
  153  19:01  Disruptor  
  156  19:07  Zealot x4  
  156  19:08  Zealot x4  
  166  19:23  Probe  
  153  19:24  Stalker  
  153  19:25  Stalker x3  
  161  19:32  Dark Templar x3  
  161  19:33  Dark Templar x2  
  171  19:39  Dark Templar  
  171  19:40  Zealot  
  171  19:45  Nexus, Assimilator  
  175  19:46  Pylon  
  175  19:48  Probe  
  175  19:53  Assimilator  
  175  19:54  Zealot x5  
  175  19:58  Probe  
  174  20:05  Zealot x3  
  174  20:06  Zealot  
  170  20:13  Stalker x3  
  154  20:14  Stalker x2  
  154  20:21  Stalker x3  
Show
View Real Time Build Order
Export as new Build Order

Creature Protoss 

Build Orders: 1 Gate Expand 

Get SALT Encoding   

  12  0:00  Probe  
  13  0:12  Probe  
  14  0:18  Pylon  
  14  0:24  Probe (Chrono Boost)  
  15  0:37  Probe (Chrono Boost)  
  15  0:39  Gateway  
  16  0:45  Probe (Chrono Boost)  
  16  0:47  Assimilator  
  17  0:51  Probe  
  18  1:03  Probe  
  19  1:15  Probe  
  20  1:25  Nexus  
  20  1:35  Cybernetics Core  
  20  1:37  Probe  
  21  1:44  Assimilator  
  21  1:50  Zealot  
  23  1:56  Pylon  
  23  2:11  Gateway  
  23  2:14  Probe  
  23  2:15  Stalker (Chrono Boost)  
  24  2:20  Warp Gate (Chrono Boost)  
  26  2:30  Probe  
  26  2:32  Shield Battery  
  27  2:38  Pylon  
  27  2:41  Stalker (Chrono Boost)  
  28  2:50  Probe  
  28  2:51  Shield Battery  
  27  3:02  Stalker (Chrono Boost)  
  28  3:10  Stalker (Chrono Boost)  
  30  3:14  Probe  
  30  3:16  Probe  
  32  3:26  Sentry (Chrono Boost)  
  34  3:28  Probe x2  
  36  3:39  Robotics Facility  
  36  3:40  Probe  
  37  3:42  Probe  
  37  3:48  Shield Battery  
  39  3:55  Probe, Pylon  
  39  4:05  Stalker  
  39  4:07  Probe  
  41  4:15  Stalker  
  41  4:17  Probe  
  41  4:19  Probe  
  42  4:29  Probe  
  43  4:31  Probe  
  43  4:32  Observer (Chrono Boost)  
  43  4:38  Adept x2  
  47  4:41  Probe  
  50  4:49  Probe  
  51  4:53  Probe  
  51  4:56  Observer  
  52  5:01  Probe  
  51  5:10  Probe  
  51  5:13  Probe  
  47  5:24  Pylon  
  47  5:36  Pylon  
  47  5:42  Immortal (Chrono Boost), Probe x2 (Chrono Boost)  
  53  5:50  Twilight Council  
  53  5:51  Probe (Chrono Boost)  
  53  5:53  Probe (Chrono Boost), Pylon  
  53  5:56  Probe (Chrono Boost)  
  55  6:02  Probe  
  57  6:08  Probe  
  57  6:09  Sentry  
  60  6:11  Stalker  
  60  6:14  Probe  
  60  6:16  Warp Prism (Chrono Boost)  
  65  6:20  Probe  
  65  6:24  Pylon  
  66  6:25  Charge (Chrono Boost)  
  66  6:26  Probe  
  66  6:30  Gateway  
  66  6:32  Probe  
  68  6:38  Probe  
  69  6:44  Forge, Probe, Gateway  
  70  6:47  Zealot x2  
  74  6:56  Probe  
  74  6:57  Assimilator  
  75  7:09  Probe  
  75  7:14  Stalker x2  
  74  7:21  Probe  
  71  7:25  Stalker  
  67  7:30  Observer (Chrono Boost)  
  67  7:33  Protoss Ground Weapons Level 1 (Chrono Boost)  
  67  7:34  Probe  
  57  7:41  Zealot x3  
  63  7:46  Gateway  
  63  7:48  Immortal (Chrono Boost)  
  63  7:50  Gateway  
  67  7:52  Zealot  
  69  8:08  Zealot x3  
  75  8:16  Pylon  
  75  8:20  Templar Archives  
  75  8:21  Warp Prism (Chrono Boost)  
  77  8:34  Nexus  
  77  8:38  Probe  
  77  8:40  Assimilator  
  78  8:43  Pylon  
  78  8:44  Probe  
  79  8:52  Probe  
  80  8:57  Zealot x3  
  80  9:02  Probe  
  87  9:07  Pylon  
  87  9:11  Gateway  
  87  9:12  Probe  
  87  9:16  High Templar  
  90  9:17  High Templar x2  
  90  9:21  Archon  
  90  9:22  Pylon  
  94  9:26  Sentry, High Templar  
  94  9:28  Zealot  
  94  9:30  Archon  
  100  9:34  Probe  
  100  9:37  Pylon  
  101  9:39  Probe  
  102  9:47  Probe  
  102  9:49  Probe  
  102  9:51  Probe, Protoss Ground Weapons Level 2 (Chrono Boost)  
  105  9:57  Gateway  
  105  9:59  Probe  
  106  10:01  Probe  
  106  10:03  Probe  
  106  10:04  Shield Battery  
  106  10:06  High Templar  
  110  10:07  High Templar  
  110  10:11  Archon, Probe  
  110  10:12  Assimilator  
  113  10:17  Blink (Chrono Boost)  
  113  10:18  Assimilator  
  113  10:25  Zealot x2  
  117  10:30  Probe  
  118  10:36  Photon Cannon  
  118  10:38  Probe  
  115  10:46  Zealot x5  
  115  10:49  Pylon  
  123  10:53  High Templar x2  
  123  10:55  Probe  
  123  10:56  Probe  
  129  10:57  Archon  
  129  11:03  Probe  
  130  11:15  Zealot  
  130  11:16  Zealot x5  
  120  11:26  Nexus  
  114  11:39  High Templar  
  110  11:40  High Templar x3  
  110  11:41  Zealot x4  
  110  11:42  Probe  
  110  11:43  Probe  
  110  11:45  Archon x2  
  126  11:51  Robotics Bay  
  126  11:52  Pylon  
  126  11:55  Probe  
  126  12:01  Probe  
  127  12:06  Pylon  
  127  12:10  Stalker x4  
  127  12:14  Zealot  
  137  12:21  Protoss Ground Weapons Level 3 (Chrono Boost)  
  137  12:25  Probe x2  
  139  12:30  Zealot  
  141  12:40  Disruptor (Chrono Boost), Probe x2  
  141  12:41  Probe  
  141  12:43  Shield Battery  
  147  12:47  Photon Cannon  
  147  12:48  Robotics Facility  
  147  12:49  Probe  
  148  12:52  Photon Cannon  
  148  12:54  Probe  
  149  13:01  Pylon  
  149  13:12  Zealot x4  
  155  13:14  Probe  
  155  13:16  Disruptor  
  159  13:22  Probe  
  154  13:27  Probe  
  154  13:32  Probe  
  141  13:34  Probe  
  141  13:37  Probe  
  141  13:38  Zealot x4  
  141  13:39  Probe  
  150  13:43  Disruptor (Chrono Boost)  
  150  13:44  Probe  
  150  13:47  Probe  
  151  13:49  Probe  
  151  13:52  Probe  
  151  13:53  Observer (Chrono Boost)  
  151  13:55  High Templar x2  
  158  13:56  Probe  
  158  13:59  Archon  
  158  14:01  Shield Battery  
  159  14:04  Photon Cannon x2  
  159  14:05  High Templar  
  159  14:06  Stalker x4, High Templar, Photon Cannon  
  171  14:10  Archon  
  171  14:12  Disruptor  
  171  14:13  Disruptor  
  170  14:19  Probe  
  148  14:37  Zealot  
  148  14:38  Zealot x4  
  142  14:48  Disruptor (Chrono Boost)  
  142  14:49  Disruptor (Chrono Boost)  
  142  14:50  Zealot x3  
  121  15:01  Zealot x5  
  121  15:02  Probe  
  110  15:10  Zealot x2  
  110  15:11  Zealot  
  96  15:16  Gateway  
  96  15:18  Gateway  
  96  15:20  Disruptor (Chrono Boost)  
  96  15:21  Stalker x5  
  92  15:23  Disruptor (Chrono Boost)  
  89  15:36  Stalker  
  89  15:37  Zealot x2  
  89  15:38  Probe  
  89  15:42  Protoss Ground Armor Level 1 (Chrono Boost)  
  96  15:44  Probe  
  96  15:45  Assimilator x2  
  96  15:48  Zealot x4  
  96  15:49  Disruptor, Zealot  
  110  16:03  Probe  
  111  16:04  Probe  
  111  16:06  Probe  
  111  16:07  Stalker x3  
  111  16:10  Stalker x2  
  111  16:11  Stalker x3  
  119  16:32  Stalker  
  119  16:33  Stalker x2  
  119  16:36  Zealot x6  
  119  16:37  Probe  
  138  16:44  Probe  
  131  16:58  Zealot x7  
  131  17:03  Probe  
  125  17:16  Disruptor  
  125  17:21  High Templar x5  
  134  17:25  Archon x2  
  131  17:35  Zealot x3, High Templar  
  131  17:36  Zealot  
  113  17:56  Disruptor (Chrono Boost)  
  110  18:07  Zealot x7, High Templar  
  110  18:08  Disruptor (Chrono Boost), Zealot  
  131  18:13  Pylon  
  131  18:20  Probe  
  132  18:27  Stalker x4  
  132  18:31  Archon  
  136  18:42  Disruptor  
  131  18:54  Stalker x5  
  131  18:55  Zealot x2  
  124  19:25  Nexus  
  124  19:29  Stalker x6  
  134  19:39  Disruptor, Assimilator  
  137  19:46  Shield Battery  
  137  19:52  Probe  
  133  19:55  Zealot x4  
  133  19:57  Probe  
  124  20:04  Probe  
  93  20:13  Zealot x4  
  81  20:14  Probe  
  71  20:22  High Templar x4  
  71  20:23  Zealot  
  71  20:28  Archon x2  
Tags
 
Add a new tag
Caveats
  • Supply blocks, unpowered buildings, or Contaminate may cause inaccurate times.
  • Supply counts are checked every 10 seconds.